Map: 2000 Atmospheres LE

Players

KillerQueen

  • Race: Terran Terran
  • League: Master

Starfish - Winner!

  • Race: Zerg Zerg
  • League: Master

VOD

Have the link to the VOD?

Description

Time

  • Played on: July 28, 2021, 12:15 p.m.
  • Length: 18:24
Show
View Real Time Build Order
Export as new Build Order

KillerQueen Terran 

Build Orders: Reaper Expand, Hellion Banshee 

Get SALT Encoding   

  12  0:00  SCV  
  13  0:12  SCV  
  14  0:16  Supply Depot  
  14  0:25  SCV  
  15  0:38  SCV  
  15  0:40  Barracks  
  16  0:43  Refinery  
  16  0:50  SCV  
  17  1:02  SCV  
  18  1:14  SCV  
  19  1:27  Orbital Command  
  19  1:28  Reaper  
  20  1:39  Command Center  
  20  1:49  Supply Depot  
  20  1:53  SCV  
  21  1:59  Marine  
  22  2:05  SCV  
  23  2:13  Factory  
  23  2:17  SCV, Refinery  
  23  2:21  Barracks Reactor  
  25  2:30  SCV  
  25  2:42  SCV  
  25  2:52  Orbital Command  
  25  2:54  SCV  
  26  2:59  Starport  
  26  3:04  Barracks Tech Lab, Hellion x2  
  30  3:06  SCV  
  31  3:18  SCV  
  33  3:20  SCV  
  33  3:21  Supply Depot  
  33  3:26  Hellion x2  
  37  3:30  SCV  
  37  3:32  SCV  
  39  3:43  SCV  
  39  3:44  Supply Depot, SCV  
  39  3:45  Banshee, Cloaking Field  
  44  3:53  Hellion  
  44  3:55  Hellion, SCV  
  49  3:56  SCV  
  50  4:04  Barracks Tech Lab  
  50  4:07  SCV  
  50  4:08  SCV  
  52  4:17  Command Center  
  52  4:19  SCV  
  52  4:20  SCV  
  52  4:23  Barracks, Marine, Stimpack  
  55  4:29  Supply Depot  
  58  4:31  SCV  
  58  4:36  Banshee  
  61  4:39  Factory Reactor, SCV  
  61  4:43  SCV  
  61  4:46  Marine  
  61  4:51  SCV  
  63  4:54  Supply Depot  
  63  4:55  SCV  
  63  4:59  Barracks  
  64  5:02  Engineering Bay  
  64  5:03  Engineering Bay  
  64  5:04  SCV  
  65  5:07  SCV  
  65  5:12  Refinery  
  65  5:13  Refinery, Marine x3  
  67  5:16  SCV  
  67  5:19  SCV  
  69  5:23  Supply Depot  
  69  5:28  SCV  
  70  5:30  Marine  
  70  5:31  SCV  
  70  5:34  Marine  
  73  5:39  Orbital Command  
  73  5:40  SCV  
  68  5:45  Terran Infantry Weapons Level 1, Terran Infantry Armor Level 1  
  68  5:46  Siege Tank, Starport Reactor  
  68  5:47  Marine  
  68  5:48  Marine, Barracks  
  71  5:51  Marine, Barracks  
  71  5:56  Marine x2  
  74  6:00  SCV x2  
  76  6:04  Combat Shield  
  76  6:05  Orbital Command, Marine  
  76  6:06  Marine  
  76  6:09  Marine  
  79  6:12  SCV x2  
  79  6:18  Marine x2  
  83  6:22  Siege Tank  
  83  6:24  SCV  
  83  6:25  SCV  
  88  6:28  Supply Depot  
  88  6:31  Marine  
  89  6:33  Supply Depot  
  89  6:34  Marine  
  89  6:35  Marine  
  89  6:36  Medivac  
  89  6:37  SCV x2  
  89  6:39  Barracks Reactor  
  96  6:42  SCV  
  96  6:45  Medivac  
  96  6:46  Barracks Reactor  
  98  6:49  SCV x2  
  100  6:54  SCV, Marine x2  
  100  6:57  Supply Depot  
  100  7:00  Supply Depot, Marine  
  100  7:01  SCV x2, Marine x2  
  107  7:06  Siege Tank, SCV  
  107  7:08  Medivac  
  114  7:12  Marine x2  
  114  7:13  SCV  
  116  7:15  SCV  
  116  7:18  Medivac, SCV  
  116  7:19  Armory  
  119  7:23  Marine  
  119  7:25  Supply Depot, SCV  
  119  7:26  Supply Depot x2  
  119  7:27  Supply Depot, SCV  
  119  7:29  Supply Depot  
  122  7:31  Marine x2  
  122  7:32  Marine  
  122  7:34  Marine  
  126  7:40  Marine x2  
  126  7:42  Marine x2  
  130  7:45  Siege Tank  
  130  7:49  Factory, Refinery x2  
  133  7:51  Supply Depot  
  131  8:03  Marine x4  
  131  8:04  Medivac, Marine x5  
  131  8:05  Medivac  
  134  8:16  Bunker  
  134  8:18  Sensor Tower  
  134  8:20  Marine  
  134  8:21  Siege Tank, Marine x3  
  134  8:23  Supply Depot  
  141  8:31  Marine x3  
  141  8:32  Marine x2  
  144  8:39  Marine x4  
  144  8:40  Barracks  
  148  8:41  Factory Reactor, Drilling Claws, Barracks  
  148  8:42  Barracks  
  148  8:43  Barracks  
  148  8:49  Medivac x2, Marine x4  
  148  8:50  Marine  
  157  8:55  Supply Depot  
  157  8:56  Marine  
  157  8:57  Marine x2  
  157  9:01  Terran Infantry Armor Level 2, Terran Infantry Weapons Level 2  
  150  9:13  Marine x6  
  150  9:14  Siege Tank  
  150  9:15  SCV x2  
  159  9:18  Terran Vehicle Weapons Level 1  
  159  9:19  Hellion  
  161  9:28  Marine x3  
  165  9:32  Barracks Tech Lab x2  
  165  9:33  Barracks Tech Lab  
  165  9:37  Command Center  
  161  9:43  Widow Mine x2  
  161  9:45  Barracks Tech Lab  
  158  9:46  Siege Tank  
  158  9:48  SCV x3  
  158  9:50  Marine  
  158  9:51  Marauder x2  
  169  9:59  Marauder, Marine x2  
  164  10:00  SCV x2  
  164  10:03  Medivac x2  
  164  10:04  Widow Mine  
  164  10:05  Widow Mine  
  172  10:07  Concussive Shells  
  172  10:08  SCV  
  172  10:12  SCV  
  172  10:13  SCV  
  175  10:18  Marauder  
  175  10:19  Marine  
  175  10:20  SCV  
  179  10:24  SCV  
  179  10:25  SCV  
  179  10:27  Marine x2  
  179  10:28  Marauder  
  173  10:31  Marine  
  173  10:32  Marauder  
  173  10:33  SCV  
  173  10:34  Marine  
  173  10:35  Marine x2  
  161  10:36  SCV  
  161  10:37  SCV  
  163  10:45  SCV  
  163  10:47  Marauder, Marine  
  163  10:48  SCV, Marauder  
  163  10:49  SCV  
  168  10:54  Marauder, Marine  
  160  10:57  SCV  
  160  11:03  Medivac x2  
  144  11:04  Widow Mine, Marine x2  
  144  11:05  Widow Mine x2  
  150  11:13  Marauder, Marine x2, Sensor Tower  
  156  11:25  Widow Mine  
  156  11:26  Widow Mine, Command Center  
  156  11:28  Marine x2  
  156  11:29  Marauder  
  156  11:30  Widow Mine  
  156  11:32  Marine  
  164  11:33  Medivac  
  167  11:40  Terran Infantry Armor Level 3, Marine  
  167  11:41  Marauder, Marine  
  167  11:42  Planetary Fortress  
  171  11:49  Terran Infantry Weapons Level 3  
  169  11:57  Terran Vehicle Weapons Level 2  
  169  12:00  Marine  
  169  12:01  Marine x3  
  160  12:02  Marine  
  160  12:03  Siege Tank  
  160  12:04  Marine  
  160  12:05  Marauder x2, Marine  
  157  12:12  Siege Tank  
  157  12:13  Medivac  
  157  12:14  Medivac, Marauder, Marine  
  167  12:21  Marine  
  167  12:22  Marauder  
  170  12:26  Marauder  
  170  12:27  Marauder  
  170  12:29  Missile Turret x2  
  174  12:33  Missile Turret  
  174  12:36  Marauder  
  174  12:37  Marine x2  
  174  12:40  Siege Tank  
  174  12:43  Marauder  
  173  12:44  Siege Tank  
  173  12:45  Marine x2  
  173  12:48  Marauder x2  
  173  12:51  Orbital Command  
  182  12:58  Command Center  
  182  13:07  Sensor Tower  
  182  13:08  Marine  
  183  13:13  Siege Tank  
  183  13:16  Siege Tank, Marine x2  
  183  13:17  Marauder x3  
  197  13:29  Refinery  
  197  13:30  Refinery, Command Center  
  197  13:31  Ghost Academy  
  197  13:33  Ghost Academy  
  197  13:45  Siege Tank  
  200  13:51  Marauder, Marine x2  
  200  13:53  Command Center  
  198  13:59  Marine x2  
  185  14:13  Siege Tank  
  175  14:17  Siege Tank  
  175  14:21  Marine  
  175  14:22  Marauder x2  
  172  14:27  Command Center  
  172  14:28  SCV  
  172  14:29  Marauder x2, Marine  
  152  14:34  Marine  
  152  14:35  Marine x2  
  142  14:40  Marine x3  
  142  14:43  Marauder x2  
  145  14:51  Marauder x2  
  139  14:56  Marine x3  
  142  15:04  Marauder  
  142  15:05  Marauder, Sensor Tower  
  146  15:08  Planetary Fortress  
  146  15:12  Marauder  
  150  15:17  Siege Tank  
  150  15:19  Ghost  
  153  15:25  Ghost  
  155  15:31  Missile Turret  
  155  15:34  Missile Turret  
  155  15:37  Siege Tank  
  158  15:49  Siege Tank, Planetary Fortress  
  161  15:56  Missile Turret, Ghost  
  163  16:08  Marine, Ghost x2  
  163  16:09  Siege Tank  
  171  16:21  Siege Tank, Marine x2  
  171  16:22  Marauder  
  172  16:26  Marauder  
  172  16:27  Planetary Fortress  
  160  16:49  Siege Tank, Viking x2  
  152  16:55  Missile Turret  
  152  16:56  Missile Turret x2  
  152  16:57  Missile Turret  
  152  16:58  Missile Turret  
  152  17:00  Nuke  
  152  17:06  Marine x2, Ghost  
  148  17:15  Marauder, Marine  
  129  17:17  Sensor Tower  
  114  17:25  Marine x2  
  114  17:26  Marauder x2, Marine  
  103  17:33  Siege Tank x2  
  103  17:35  Marauder  
  107  17:40  Marine  
  106  17:55  Marine  
  106  17:57  Marine  
  97  18:01  SCV  
  84  18:06  SCV x2  
  84  18:07  SCV  
Show
View Real Time Build Order
Export as new Build Order

Starfish Zerg - Winner!

Build Orders: Hatch First, Lurkers 

Get SALT Encoding   

  12  0:00  Drone  
  13  0:12  Overlord  
  13  0:16  Drone  
  14  0:30  Drone x2  
  16  0:48  Hatchery  
  15  0:50  Drone  
  15  0:54  Drone  
  17  0:58  Drone  
  18  1:09  Extractor  
  17  1:13  Spawning Pool  
  17  1:15  Drone  
  17  1:19  Drone  
  18  1:27  Drone  
  20  1:40  Drone  
  20  1:49  Drone  
  21  2:00  Queen x2  
  26  2:01  Zergling x2  
  26  2:02  Drone  
  27  2:13  Hatchery  
  26  2:17  Overlord  
  26  2:20  Drone  
  28  2:22  Drone  
  28  2:35  Spore Crawler  
  27  2:41  Drone x3  
  31  2:45  Overlord  
  31  2:46  Metabolic Boost  
  31  2:48  Drone  
  32  2:53  Queen  
  32  2:57  Drone x2  
  36  3:08  Drone x2  
  36  3:12  Overlord, Drone x2  
  40  3:17  Drone x2  
  42  3:24  Pneumatized Carapace  
  42  3:25  Queen  
  44  3:30  Queen  
  46  3:34  Drone x2  
  46  3:36  Zergling x2  
  49  3:43  Zergling x6  
  49  3:44  Overlord  
  49  3:47  Overlord  
  52  3:55  Drone x4  
  52  4:00  Baneling Nest  
  54  4:12  Queen  
  54  4:13  Queen  
  58  4:21  Drone x9  
  67  4:35  Overlord, Zergling x2  
  67  4:36  Zergling x10  
  73  4:51  Spore Crawler  
  73  4:52  Lair  
  72  4:55  Spore Crawler  
  72  4:57  Extractor  
  72  4:58  Extractor, Drone x5  
  74  5:00  Spore Crawler  
  73  5:15  Drone  
  73  5:16  Drone x3  
  73  5:17  Drone x2  
  73  5:18  Drone x2  
  73  5:19  Overlord  
  73  5:20  Overlord  
  81  5:23  Extractor  
  80  5:41  Overlord, Drone x3  
  80  5:42  Overlord  
  83  5:45  Drone x2  
  83  5:46  Overlord x2, Queen  
  83  5:47  Evolution Chamber  
  83  5:48  Evolution Chamber  
  83  5:50  Baneling x3  
  83  5:54  Drone x3  
  83  5:55  Overlord, Spore Crawler  
  83  5:56  Overlord x2  
  85  6:01  Drone  
  85  6:02  Hatchery  
  85  6:04  Overseer  
  85  6:12  Hatchery, Spore Crawler  
  83  6:30  Drone x4  
  86  6:36  Centrifugal Hooks  
  86  6:37  Zerg Melee Weapons Level 1, Zerg Ground Armor Level 1  
  86  6:39  Extractor, Drone x2  
  85  6:40  Extractor, Drone x3  
  85  6:41  Drone x3  
  88  7:03  Zergling x24  
  100  7:08  Spore Crawler  
  100  7:10  Zergling x2  
  99  7:28  Baneling  
  99  7:29  Zergling x4, Baneling x9  
  106  7:30  Zergling x16  
  109  7:43  Zergling x2  
  109  7:44  Zergling x20  
  108  8:06  Drone x2  
  108  8:07  Drone x2  
  108  8:08  Drone x14  
  108  8:12  Infestation Pit  
  125  8:13  Hydralisk Den  
  125  8:18  Spore Crawler  
  123  8:20  Drone x5  
  123  8:21  Overlord x2  
  123  8:22  Zergling x8  
  132  8:31  Baneling  
  132  8:32  Baneling x10  
  132  8:38  Burrow, Zerg Ground Armor Level 2, Zerg Melee Weapons Level 2  
  132  8:45  Baneling  
  132  8:46  Baneling x7  
  132  8:53  Spore Crawler  
  119  9:18  Hydralisk x5  
  119  9:20  Muscular Augments  
  119  9:23  Lurker Den  
  128  9:24  Hive  
  128  9:34  Extractor  
  128  9:35  Extractor  
  121  9:46  Hydralisk x7  
  121  9:47  Overlord x4  
  135  9:56  Evolution Chamber  
  135  9:59  Queen  
  134  10:05  Overlord x3  
  134  10:06  Drone x3  
  137  10:07  Drone x3  
  140  10:14  Hatchery  
  121  10:31  Grooved Spines  
  121  10:33  Zergling x8  
  121  10:34  Zergling x74  
  154  10:55  Lurker  
  154  10:56  Lurker  
  154  10:57  Lurker  
  143  11:08  Drone x6  
  143  11:09  Overlord x2  
  143  11:10  Overlord x2, Hydralisk x5  
  159  11:12  Baneling x13  
  159  11:13  Lurker x7  
  159  11:15  Adrenal Glands  
  159  11:17  Zerg Melee Weapons Level 3  
  166  11:19  Zerg Ground Armor Level 3  
  166  11:29  Zergling x24  
  166  11:30  Zergling x22  
  189  11:50  Viper  
  189  11:51  Viper x2  
  181  12:05  Zergling x38  
  200  12:18  Adaptive Talons  
  161  12:48  Hydralisk x5  
  161  12:49  Zergling x44  
  161  12:50  Zergling x2  
  194  12:53  Baneling x11  
  194  12:56  Baneling x6  
  193  12:59  Spore Crawler  
  193  13:00  Drone x5  
  197  13:15  Seismic Spines  
  189  13:37  Spire  
  189  13:38  Zerg Missile Weapons Level 1  
  189  13:40  Baneling x5  
  189  13:41  Baneling x3  
  188  13:48  Zergling x2  
  188  13:49  Zergling x10  
  164  14:20  Zergling x2  
  164  14:21  Zergling x60  
  164  14:22  Zergling x12  
  190  14:30  Zergling x4  
  150  14:49  Baneling x15, Hydralisk x3  
  150  14:50  Hydralisk x13  
  174  15:06  Spine Crawler  
  173  15:07  Spine Crawler  
  172  15:16  Hatchery  
  172  15:20  Lurker x9, Hydralisk x8  
  195  15:22  Zergling x10  
  200  15:31  Spine Crawler  
  200  15:32  Spine Crawler  
  200  15:33  Spine Crawler  
  197  15:37  Drone  
  197  15:38  Drone  
  199  15:46  Spore Crawler  
  199  15:49  Baneling x8  
  198  15:50  Baneling x5  
  198  15:51  Zergling x4  
  200  16:04  Ultralisk Cavern  
  200  16:05  Zerg Flyer Armor Level 1  
  194  16:51  Zergling x12  
  200  16:58  Overlord  
  200  16:59  Overlord x2  
  164  17:27  Zergling x2  
  164  17:28  Zergling x24  
  170  17:41  Zergling x8  
  170  17:42  Zergling x26  
  178  17:55  Zergling x34  
  173  18:01  Zergling x8  
Tags
 
Add a new tag
Caveats
  • Supply blocks, unpowered buildings, or Contaminate may cause inaccurate times.
  • Supply counts are checked every 10 seconds.